 Dungeon Crawl Stone Soup version 0.29.1-13-g9f3cf754e1 (webtiles) character file.

Game seed: 13084327591518986792

39 croobank the Sneak (level 3, -2/26 HPs)
             Began as an Octopode Delver on Feb 8, 2023.
             Was an Initiate of Makhleb.
             Slain by an orc
             ... wielding a +0 hand axe
              (8 damage)
             ... on level 5 of the Dungeon.
             The game lasted 00:01:33 (134 turns).

croobank the Sneak (Octopode Delver)                 Turns: 134, Time: 00:01:33

Health: -2/26      AC:  1    Str: 11    XL:     3   Next: 47%
Magic:  3/3        EV: 13    Int: 14    God:    Makhleb [......]
Gold:   14         SH:  0    Dex: 13    Spells: 2/2 levels left

rFire   . . .      SeeInvis .   a - +0 hand axe
rCold   . . .      Faith    .   (no shield)
rNeg    . . .      Spirit   .   (helmet restricted)
rPois   .          Reflect  .   (no amulet)
rElec   .          Harm     .   (no ring)
rCorr   .          Rampage  .   (no ring)
Will    .....                   (no ring)
Stlth   ++++......              (no ring)
HPRegen 0.08/turn               (no ring)
MPRegen 0.08/turn               (no ring)
                                (no ring)
                                (no ring)

@: no status effects
A: almost no armour, amphibious, 8 rings, camouflage 1, gelatinous body 1,
(nimble swimmer 1), tentacles
a: Renounce Religion


You were on level 5 of the Dungeon.
You worshipped Makhleb.
Makhleb was noncommittal.
You visited 1 branch of the dungeon, and saw 3 of its levels.

You collected 14 gold pieces.

Inventory:

Hand Weapons
 a - a +0 hand axe (weapon)
Wands
 d - a wand of light (14)
 f - a wand of digging (3)
Scrolls
 b - a scroll of fog
 c - a scroll of magic mapping
Potions
 e - a potion of haste
 g - a potion of magic {unknown}


   Skills:
 + Level 3.4 Fighting
 + Level 2.5 Axes
 + Level 2.5 Dodging
 + Level 7.0 Stealth


You had 2 spell levels left.
You didn't know any spells.
Your spell library was empty.

Dungeon Overview and Level Annotations

Branches:
Dungeon (7/15)
 Temple: D:4-7

Altars:
Makhleb


Innate Abilities, Weirdness & Mutations

You cannot wear most types of armour.
You are amphibious.
You can wear up to eight rings at the same time.
Your skin changes colour to match your surroundings (Stealth+).
Your rubbery body absorbs attacks. (AC +1, EV +1)
((You are camouflaged when in or above water. (Stealth+)))
You have tentacles for arms and can constrict up to eight enemies at once.


Message History

You start waiting.
An orc is nearby!
You hit the orc. Your grab misses the orc.
The orc is severely wounded.
The orc closely misses you.
You hit the orc but do no damage. Your grab misses the orc.
The orc is severely wounded.
The orc hits you with a +0 mace!
You hit the orc but do no damage. You grab the orc.
The orc is severely wounded.
You constrict the orc, but do no damage.
The orc closely misses you.
You hit the orc.
You kill the orc!
Makhleb accepts your kill. The orc hits you but does no damage.
You hit the orc. You grab the orc. You tentacle-slap the orc.
The orc is heavily wounded.
You constrict the orc. The orc hits you with a +0 club.
The orc shouts!
You hit the orc. You squeeze the orc, but do no damage.
The orc is severely wounded.
You constrict the orc.
You hear a shout! x2
The orc hits you with a +0 club.
You hit the orc.
You kill the orc!
Makhleb accepts your kill. The orc hits you with a +0 hand axe.
* * * LOW HITPOINT WARNING * * *
Items here: ( )) [ †.
You closely miss the orc. Your grab misses the orc.
The orc hits you with a +0 hand axe.
* * * LOW HITPOINT WARNING * * *
You barely miss the orc. Your grab misses the orc.
An orc comes into view. It is wielding a +0 whip.
The orc hits you with a +0 hand axe.
* * * LOW HITPOINT WARNING * * *
The orc hits you with a +0 hand axe!
You die...

#.###.....#...
#..........o. #
#.#...oo?.. #. #.#...#
#.# ##...# #.# ##.####
#.###.## #.#o######
#....o@..# #.....##.#
.#######..............#
......†.......#.###....
.#######.###..#.# ##
#.# #..#.## #.# #.....
.#######.# #.##.##
.........#
#.#...########


You could see 2 orcs.

Vanquished Creatures
  A howler monkey (D:5)
  2 orcs (D:5)
3 creatures vanquished.

Notes
Turn   | Place    | Note
-------+----------+-------------------------------------------
     0 | D:5      | croobank the Octopode Delver began the quest for the Orb.
     0 | D:5      | Reached XP level 1. HP: 16/16 MP: 1/1
     1 | D:6      | Noticed a howler monkey
     1 | D:6      | Noticed a centaur
     1 | D:6      | Noticed a jelly
     1 | D:6      | Noticed a jelly
     1 | D:6      | Noticed a howler monkey
     1 | D:6      | Noticed a howler monkey
    11 | D:6      | Found a burning altar of Makhleb.
    31 | D:6      | Became a worshipper of Makhleb the Destroyer
    47 | D:6      | Noticed an iguana
    90 | D:5      | Noticed a howler monkey
    93 | D:5      | Killed a howler monkey
    94 | D:5      | Reached skill level 7 in Stealth
    94 | D:5      | Reached XP level 2. HP: 20/21 MP: 2/2
    94 | D:5      | Reached XP level 3. HP: 25/26 MP: 3/3
   134 | D:5      | Slain by an orc

Illustrated notes

Levels and vault maps discovered:
D:5:      layout_loops_ring, minmay_temple_entry_butterflies,
          ebering_ghost_sewer_f, uniq_grinder
D:6:      layout_loops_cross, mainiacjoe_overflow_paths,
          mainiacjoe_overflow_surrounded_room
D:7:      layout_loops_ring, mainiacjoe_overflow_concentric_impassable,
          serial_shops, nicolae_diamond_shop

Skill      XL: |  1 |
---------------+----+-----
Stealth        | 7 |  7.0
Fighting       | |  3.4
Axes           | |  2.5
Dodging        | |  2.5

Action                   || total
-------------------------++-------
Melee: Hand axe          ||    11
       Constrict         ||     3
       Tentacles         ||     2
       Punch             ||     1
  Use: Scroll            ||     1
 Stab: Sleeping          ||     1
Armor: Skin              ||     1
Dodge: Dodged            ||     2
